 Dungeon Crawl Stone Soup version 0.30-a0-1074-g5db6f66fbb (console) character file.

Game seed: 12638761406027508217

187894 petzl the Destroyer (level 19, -2/204 (210) HPs)
             Began as a Formicid Delver on Apr 13, 2023.
             Was a High Priest of Vehumet.
             Killed from afar by a guardian serpent (7 damage)
             ... with a bolt of poison
             ... on level 4 of the Snake Pit on Apr 16, 2023.
             The game lasted 06:13:42 (47298 turns).

petzl the Destroyer (Formicid Delver)              Turns: 47298, Time: 06:13:46

HP:   -2/204 (210)  AC: 29    Str: 18    XL:     19   Next: 23%
MP:   32/35         EV: -1    Int: 17    God:    Vehumet [*****.]
Gold: 903           SH: 13    Dex: 15    Spells: 8/42 levels left

rFire   + . .      SeeInvis .    j - +2 morningstar (protect)
rCold   + . .      Faith    .    Q - +2 buckler
rNeg    . . .      Spirit   .    z - melded +7 Kryia's mail coat {PotionHeal*2 rC+}
rPois   +          Reflect  +    (helmet unavailable)
rElec   +          Rampage  .    q - melded +0 cloak
rCorr   +                        E - melded +2 pair of gloves {Stlth+}
Will    +....                    U - melded +0 pair of boots
Stlth   +++++                    A - amulet of reflection
HPRegen 0.54/turn                V - ring of flight
MPRegen 0.24/turn                W - +5 ring of evasion

@: mighty, tree-form, resistant, constricted, studying Polearms, lightly drained
A: stationary, stasis, torment immunity, boosted hp, permanent stasis, dig
shafts and tunnels, (antennae 3), four strong arms
a: Renounce Religion


You were on level 4 of the Snake Pit.
You worshipped Vehumet.
Vehumet was extremely pleased with you.
You were a tree.
You visited 8 branches of the dungeon, and saw 32 of its levels.
You also visited: Bailey and Ice Cave.

You collected 2563 gold pieces.
You spent 1660 gold pieces at shops.

Inventory:

Hand Weapons
 a - the +7 scimitar of Contradiction {spect, rPois rCorr}
   (You took it off a gnoll in a bailey)

   rPois:     It protects you from poison.
   rCorr:     It protects you from acid and corrosion.
 b - a +0 arbalest of freezing
 c - the +9 sword of Power {lifebolt}
   (You took it off a naga on level 1 of the Snake Pit)
 d - a +1 shortbow of flaming
 j - a +2 morningstar of protection (weapon)
 t - the +7 rapier of Disharmony {freeze, rC+ Int+4}
   (You found it on level 3 of the Lair of Beasts)

   Int:       It affects your intelligence (+4).
   rC:        It protects you from cold.
 M - the +3 spear "Volugix" {vamp, *Slow rElec Int+3, !f =f}
   (You found it on level 2 of the Snake Pit)

   Int:       It affects your intelligence (+3).
   rElec:     It insulates you from electricity.
   *Slow:     It may slow you when you take damage.
Missiles
 B - 10 throwing nets
 T - 2 boomerangs of dispersal
Armour
 n - a +2 tower shield of protection
 q - a +0 cloak (melded)
 r - a +2 kite shield of protection
 z - the +7 Kryia's mail coat (melded) {PotionHeal*2 rC+}
   (You found it on level 9 of the Dungeon)

   PotionHeal*2: Potions heal its wearer twice as much.
   rC:        It protects you from cold.
 E - a +2 pair of gloves of stealth (melded)
 Q - a +2 buckler (worn)
 U - a +0 pair of boots (melded)
Jewellery
 l - a ring of resist corrosion
 y - an amulet of guardian spirit
 A - an amulet of reflection (around neck)
 P - a ring of protection from fire
 V - a ring of flight (left branch)
 W - a +5 ring of evasion (right branch)
Wands
 f - a wand of digging (8)
 D - a wand of flame (61)
 F - a wand of paralysis (15)
 G - a wand of iceblast (8)
 K - a wand of light (2)
Scrolls
 e - 2 scrolls of magic mapping
 m - 11 scrolls of identify
 p - 3 scrolls of fear
 C - a scroll of vulnerability
 O - a scroll of silence
 R - 4 scrolls of fog
Potions
 h - 3 potions of magic
 i - 7 potions of might
 o - a potion of resistance
 s - 5 potions of cancellation
 u - 3 potions of brilliance
 w - 2 potions of invisibility
 x - 4 potions of flight
 L - 7 potions of ambrosia
 X - 2 potions of lignification
Miscellaneous
 k - a condenser vane
 J - a box of beasts (inert)
 Y - a phial of floods (inert)


   Skills:
 - Level 10.0 Fighting
 - Level 6.7 Long Blades
 - Level 2.0 Maces & Flails
 - Level 4.1 Ranged Weapons
 * Level 11.9 Armour
 - Level 3.6 Dodging
 - Level 10.8 Stealth
 + Level 9.5 Shields
 + Level 12.0 Spellcasting
 * Level 12.4 Conjurations
 - Level 7.3 Necromancy
 - Level 11.7 Translocations
 - Level 8.4 Fire Magic
 - Level 8.0 Ice Magic
 - Level 7.0 Air Magic
 - Level 8.0 Poison Magic
 - Level 3.0 Evocations


You had 8 spell levels left.
You knew the following spells:

 Your Spells              Type           Power      Damage    Failure   Level
a - Magic Dart            Conj           100%       1d8       1%          1
b - Fireball              Conj/Fire      22%        3d10      1%          5
l - Freezing Cloud        Conj/Ice/Air   20%        6-21      1%          5
m - Mephitic Cloud        Conj/Pois/Air  41%        N/A       1%          3
o - Orb of Destruction    Conj           25%        9d9       11%         7
p - Passage of Golubria   Tloc           50%        N/A       1%          4
u - Sublimation of Blood  Necr           35%        N/A       1%          2
A - Ozocubu's Armour      Ice            37%        N/A       1%          3
T - Olgreb's Toxic Radia  Pois           37%        N/A       1%          4

Your spell library contained the following spells:

 Spells                   Type           Power      Damage    Failure   Level
 Arcjolt                  Conj/Air       21%        1d31      1%          5
 Foxfire                  Conj/Fire      100%       2x1d9     1%          1
 Shock                    Conj/Air       100%       1d9       1%          1
 Lesser Beckoning         Tloc           100%       N/A       1%          2
 Momentum Strike          Conj/Tloc      100%       3d10      1%          2
 Gell's Gravitas          Tloc           50%        N/A       1%          3
 Teleport Other           Tloc           50%        N/A       1%          3
 Vampiric Draining        Necr           35%        2d8       1%          3
 Volatile Blastmotes      Fire/Tloc      88%        2d17      1%          3
 Airstrike                Air            17%        2d(3-19)  1%          4
 Ensorcelled Hibernation  Hex/Ice        46%        N/A       2%          2
 Animate Dead             Necr           35%        N/A       3%          4
 Spider Form              Tmut/Pois      23%        N/A       4%          3
 Irradiate                Conj/Tmut      15%        3d16      4%          5
 Starburst                Conj/Fire      22%        6d8       4%          6
 Summon Small Mammal      Summ           40%        N/A       8%          1
 Dispersal                Tloc           25%        N/A       10%         6
 Agony                    Necr           35%        N/A       11%         5
 Call Imp                 Summ           20%        N/A       12%         2
 Passwall                 Tmut/Erth      8%         N/A       12%         2
 Plasma Beam              Fire/Air       18%        2x1d32    13%         6
 Anguish                  Hex/Necr       11%        N/A       17%         4
 Summon Forest            Summ/Tloc      15%        N/A       21%         5
 Call Canine Familiar     Summ           10%        N/A       24%         3
 Summon Guardian Golem    Hex/Summ       10%        N/A       24%         3
 Borgnjor's Vile Clutch   Necr/Erth      11%        N/A       43%         5
 Silence                  Hex/Air        11%        N/A       45%         5
 Ozocubu's Refrigeration  Ice            18%        4d11      50%         7
 Death Channel            Necr           17%        N/A       52%         6
 Petrify                  Tmut/Erth      10%        N/A       61%         4
 Summon Mana Viper        Hex/Summ       10%        N/A       91%         5
 Summon Cactus Giant      Summ           5%         N/A       100%        6
 Chain Lightning          Conj/Air       21%        3d28      100%        9
 Fire Storm               Conj/Fire      22%        8d6       100%        9
 Shatter                  Erth           5%         3d8*      100%        9
 Blink                    Tloc           Unusable   N/A       N/A         2
 Swiftness                Air            Unusable   N/A       N/A         3

Dungeon Overview and Level Annotations

Branches:
Dungeon (15/15)            Temple (1/1) D:7            Lair (5/5) D:11
  Swamp (3/4) Lair:3        Snake (4/4) Lair:3        Slime (0/5) Lair:4
    Orc (2/2) D:9             Elf (1/3) Orc:2        Vaults (0/5) D:13
 Depths (1/4) D:15         Bailey (visited)           IceCv (visited)

Altars:
Ashenzari
Cheibriados
Dithmenos
Elyvilon
Fedhas
Gozag
Hepliaklqana
Kikubaaqudgha
Makhleb
Nemelex Xobeh
Okawaru
Qazlal
Ru
Sif Muna
Trog
Uskayaw
Vehumet
Wu Jian
Xom
Yredelemnul
Zin
The Shining One
Jiyva

Shops:
D:1 :   D:6 =   D:7 :   D:8 [(   D:9 [[[   D:10 *   D:12 :   Orc:1 !
Orc:2 ((([   Snake:3 *(?

Portals:
Abyss: Lair:1

Annotations:
D:14 exclusion: downstairs
Swamp:1 exclusion: downstairs, Mlioglotl


Innate Abilities, Weirdness & Mutations

You are a tree.
Your roots penetrate the ground, keeping you stationary.
You cannot be teleported.
You are immune to unholy pain and torment.
Your maximum health is greatly increased.
Your equipment is partially melded.
You cannot be hasted, slowed, berserked, paralysed or teleported.
You can dig through walls and to a lower floor.
((You have a pair of large antennae on your head. (SInv)))
Your four strong arms can wield two-handed weapons with a shield.


Message History

You sock the guardian serpent!
Your weapon exudes an aura of protection.
The guardian serpent is lightly wounded.
You hear an angry hiss. x4
The guardian serpent casts a spell at you.
You resist with almost no effort. The guardian serpent hits you!
* * * LOW HITPOINT WARNING * * *
Unknown command.
Unknown command.
Casting: Freezing Cloud (mildly dangerous; 1% risk of failure)
Confirm with . or Enter, or press ? or * to list all spells.
Aiming: Freezing Cloud (mildly dangerous; 1% risk of failure)
Press: ? - help, Dir - move target That beam is likely to hit you.
Continue anyway?
The guardian serpent hits you but does no damage.
You block the guardian serpent's attack.
Unknown command.
You barely miss the guardian serpent.
The guardian serpent is lightly wounded.
The guardian serpent hits you but does no damage. x2
You miss the guardian serpent.
The guardian serpent is lightly wounded.
You block the guardian serpent's attack.
A naga mage comes into view. It is wielding a +0 whip.
The guardian serpent casts a spell at you.
The naga mage blinks!
You completely miss the naga mage.
You block the guardian serpent's attack.
The naga mage hits you but does no damage.
You block the naga mage's attack.
The guardian serpent hits you but does no damage.
The naga mage hits you but does no damage.
The naga mage grabs you. The naga mage constricts you.
You feel very mighty all of a sudden. The guardian serpent hits you!
* * * LOW HITPOINT WARNING * * *
You block the naga mage's attack. The naga mage constricts you.
The guardian serpent coils itself and waves its upper body at you.
The bolt of poison hits you! You resist.
You die...

{ { {{ ### { ### ###.# { { #.#
####...# { { { #.## ##......#{ {{
#..## #.......# { { ##..##
.....<..## { { ####..## .##......#
{ #..##..## ###......##{{
.......###..##..### #.........#
.⌠.....#.##...#...## ........###
...)N. #...........# .##...######
..†.# ##...........
##.........####...#######..........
..........##...{...#...............
.......####.......##...............
......####....)####................
........#..††#.#.........##.....##.
........#......))#####...##......##
........##..)..)☼♣§§○###...#.....##
.........###.°..)NS..○§##..#..##..#
........|..#########§§§.#...#..#...
...........##......†....###(#..##..
...^.......#......†....####..#..#..
......######.....#######...#....###
......# ###)##..........#.......
...#..########.####..##.....#......
...##............................†.
....##.............##.).......)....
.##..#........).)..................
..#...#####......).................
..##...###........####.............
...##........)..).#####(..........#
.....##...........................#
.##....###....)...........#..##..##
...##...##..........#######..#....
.....##.............######..##.....
)##...##....................# .....


You could see a guardian serpent and a naga mage.

Vanquished Creatures
  Saint Roka (Orc:2)
  Vashnia (Snake:3)
  Frances (D:14)
  3 nagarajas (Snake:4)
  2 frost giants (IceCv)
  Aizul (Snake:1)
  A white draconian (IceCv)
  A bunyip (Swamp:1)
  The ghost of zazu2006 the Covert, a journeyman NaHW of Vehumet (Lair:2)
  A fire dragon (Lair:5)
  5 vault guards (D:13)
  7 hydras
  4 salamander tyrants
  2 ice dragons (IceCv)
  A spriggan air mage (D:15)
  5 two-headed ogres
  Erica (Orc:1)
  2 ironbound frosthearts (IceCv)
  A centaur warrior (D:15)
  3 catoblepae
  An alligator (Swamp:1)
  A death knight (D:15)
  14 anacondas
  A hell hog (Lair:1)
  6 boulder beetles
  4 tengu warriors
  16 naga warriors
  5 orc high priests
  13 naga sharpshooters
  The ghost of Pebb the Destroyer, a novice DrCj of Vehumet (Lair:1)
  6 spriggans
  9 shock serpents
  A deep elf knight (D:13)
  6 salamander mystics
  2 skysharks (Lair:4)
  2 goliath frogs (Swamp:1)
  5 skeletal warriors
  5 naga ritualists
  3 wizards
  A bog body (Swamp:1)
  5 orc knights
  Pikel (D:9)
  6 mana vipers
  A deep elf zephyrmancer (Elf:1)
  A harpy (shapeshifter) (D:13)
  3 wolf spider zombies (D:15)
  A necromancer (D:15)
  6 deep elf pyromancers
  18 ugly things
  5 lindwurms
  A manticore (D:15)
  6 cyclopes
  9 orc sorcerers
  22 salamanders
  9 guardian serpents
  Joseph (D:8)
  6 elephants (Lair:2)
  Maurice (D:9)
  3 molten gargoyles (Lair:5)
  A centaur zombie (D:15)
  27 black mambas
  A centaur skeleton (D:15)
  An unseen horror (D:13)
  A cane toad (shapeshifter) (D:14)
  17 naga magi
  10 cane toads
  A gargoyle (D:13)
  2 kobold demonologists
  14 komodo dragons
  3 yaktaurs (D:15)
  21 rime drakes
  A tengu conjurer (D:13)
  An efreet (D:15)
  An ice devil (Lair:1)
  7 trolls
  2 freezing wraiths (Swamp:1)
  A queen bee (Lair:2)
  A meliai (Lair:2)
  7 hornets
  13 polar bears
  2 bloated husks (Swamp:1)
  A raiju (Lair:1)
  11 slime creatures
  Prince Ribbit (D:8)
  23 blink frogs
  11 dream sheep
  3 wraiths
  A vampire (D:14)
  2 shadows (D:11)
  6 basilisks
  28 yaks
  10 wyverns
  3 humans
  6 vampire mosquitoes
  3 steam dragons (Lair:5)
  6 swamp worms
  2 wargs
  47 nagas
  An acid dragon (D:13)
  4 hell hounds (Lair:5)
  17 water moccasins
  18 orc warriors
  2 ice beasts (D:5)
  2 sky beasts (D:6)
  9 ogres
  20 wolves
  3 lemures (D:9)
  9 centaurs
  A phantom (D:6)
  A kobold brigand (D:10)
  9 gnoll sergeants
  7 bullfrogs
  3 scorpions
  8 wights
  13 killer bees
  3 electric eels
  5 howler monkeys
  7 lava snakes
  15 orc priests
  7 hounds
  6 jellies
  6 gnoll boudas (Bailey)
  2 iguanas
  20 orc wizards
  3 sleepcaps
  Natasha (thrice) (D:4)
  4 hell rats (Lair:5)
  30 gnolls
  8 adders
  3 shadow imps (D:5)
  An ufetubus (D:6)
  A worm (D:5)
  61 orcs
  6 endoplasms
  6 giant cockroaches
  10 goblins
  9 hobgoblins
  16 kobolds
  6 quokkas
  7 ball pythons
  6 bats
  2 frilled lizards
  6 rats
936 creatures vanquished.

Vanquished Creatures (others)
  A yak (Lair:5)
  A killer bee (Lair:2)
  An orc wizard (Orc:2)
  An orc (D:15)
  30 fungi
  64 plants
98 creatures vanquished.

Grand Total: 1034 creatures vanquished

Notes
Turn   | Place    | Note
-------+----------+-------------------------------------------
     0 | D:5      | petzl the Formicid Delver began the quest for the Orb.
     0 | D:5      | Reached XP level 1. HP: 18/18 MP: 1/1
    33 | D:5      | Reached skill level 1 in Spellcasting
    33 | D:5      | Reached XP level 2. HP: 22/24 MP: 1/4
    85 | D:7      | Noticed a water moccasin
    85 | D:7      | Noticed a scorpion
   126 | D:5      | Noticed an ice beast
   203 | D:5      | Found an ancient bone altar of Kikubaaqudgha.
   203 | D:5      | Noticed an ogre
   350 | D:5      | Reached XP level 3. HP: 17/29 MP: 7/7
   789 | D:1      | Reached XP level 4. HP: 33/35 MP: 8/8
  1521 | D:1      | Found Icoul's Book Boutique.
  2325 | D:2      | Reached XP level 5. HP: 34/41 MP: 11/11
  2534 | D:2      | Reached skill level 1 in Evocations
  2845 | D:3      | Reached skill level 1 in Ranged Weapons
  2986 | D:4      | Found a stormy altar of Qazlal.
  3268 | D:3      | Reached XP level 6. HP: 44/47 MP: 12/12
  3289 | D:4      | Found a shadowy altar of Dithmenos.
  3408 | D:4      | Found a glowing golden altar of the Shining One.
  3578 | D:4      | Noticed Natasha
  3591 | D:4      | Killed Natasha
  3700 | D:4      | Reached skill level 5 in Spellcasting
  4058 | D:4      | Noticed Natasha
  4067 | D:4      | Killed Natasha
  4068 | D:4      | Reached XP level 7. HP: 31/52 MP: 13/15
  4857 | D:6      | Found an ornate altar of the Wu Jian Council.
  4866 | D:6      | Noticed a spectral centipede
  4866 | D:6      | Noticed a spectral black mamba
  4866 | D:6      | Noticed a spectral cane toad
  4969 | D:5      | Found an opulent altar of Gozag.
  4970 | D:5      | Found a glowing silver altar of Zin.
  5064 | D:4      | Noticed Natasha
  5083 | D:4      | Killed Natasha
  5170 | D:1      | Bought a book of Minor Magic for 198 gold pieces
  5172 | D:1      | Learned a level 1 spell: Magic Dart
  5176 | D:1      | Learned a level 3 spell: Mephitic Cloud
  5182 | D:1      | Learned a level 5 spell: Fireball
  5400 | D:6      | Noticed a two-headed ogre
  5402 | D:6      | Reached XP level 8. HP: 56/57 MP: 17/17
  6070 | D:6      | Found Enudgh's Jewellery Boutique.
  6100 | D:6      | Reached skill level 1 in Poison Magic
  6218 | D:6      | Reached skill level 1 in Conjurations
  6218 | D:6      | Reached skill level 1 in Air Magic
  6390 | D:6      | Killed a two-headed ogre
  6391 | D:6      | Reached XP level 9. HP: 22/64 MP: 11/20
  6786 | D:7      | Found a blossoming altar of Fedhas.
  6786 | D:7      | Found a snail-covered altar of Cheibriados.
  6786 | D:7      | Found a shimmering altar of Xom.
  7383 | D:7      | Identified the +4 short sword of Tenacity {protect, rPois}
  7406 | D:7      | Reached skill level 1 in Shields
  8163 | D:7      | Found a sacrificial altar of Ru.
  8234 | D:7      | Found Motazxuki's Book Emporium.
  8354 | D:7      | Found a staircase to the Ecumenical Temple.
  8361 | D:7      | Got the Teachings on Sinister Magic
  8364 | Temple   | Entered the Ecumenical Temple
  8523 | D:7      | Found a radiant altar of Vehumet.
  8577 | D:7      | Reached XP level 10. HP: 56/70 MP: 21/21
  8637 | D:7      | Became a worshipper of Vehumet
  8646 | D:7      | Reached skill level 5 in Conjurations
  8646 | D:7      | Reached skill level 5 in Poison Magic
  8722 | D:8      | Found Exzauler's Antique Weapon Shoppe.
  8821 | D:8      | Found Hecabur's Armour Shoppe.
  8996 | D:8      | Noticed Joseph
  9168 | D:9      | Noticed Maurice
  9181 | D:9      | Killed Maurice
  9182 | D:9      | Reached skill level 5 in Air Magic
  9185 | D:9      | Noticed a two-headed ogre
  9341 | D:8      | Noticed Prince Ribbit
  9349 | D:8      | Killed Prince Ribbit
  9535 | D:8      | Found an iron altar of Okawaru.
  9642 | D:9      | Found Iskargh's Armour Boutique.
  9652 | D:9      | Found Jiamush's Weapon Boutique.
  9663 | D:9      | Found a flagged portal.
  9735 | D:9      | Reached skill level 1 in Fire Magic
  9756 | Bailey   | Entered a bailey
  9879 | Bailey   | Reached * piety under Vehumet
  9879 | Bailey   | Offered knowledge of Freeze by Vehumet.
 10151 | Bailey   | Reached XP level 11. HP: 53/75 MP: 1/22
 10411 | Bailey   | Identified the +7 scimitar of Contradiction {spect, rPois
                  | rCorr}
 10813 | D:9      | Reached ** piety under Vehumet
 10833 | D:9      | Offered knowledge of Sandblast by Vehumet.
 10852 | D:9      | Found Ecutahioxu's Antique Armour Emporium.
 10954 | D:9      | Killed a two-headed ogre
 10955 | D:9      | Reached skill level 1 in Long Blades
 11052 | D:9      | Noticed a lindwurm
 11055 | D:9      | Noticed a lindwurm
 11065 | D:9      | Noticed a lindwurm
 11212 | D:9      | Noticed a lindwurm
 11212 | D:9      | Killed a lindwurm
 11213 | D:9      | Killed a lindwurm
 11214 | D:9      | Reached skill level 5 in Shields
 11214 | D:9      | Killed a lindwurm
 11218 | D:9      | Killed a lindwurm
 11219 | D:9      | Reached skill level 5 in Fire Magic
 11223 | D:9      | Found the +7 Kryia's mail coat {PotionHeal*2 rC+}
 11249 | D:10     | Entered Level 10 of the Dungeon
 11313 | D:10     | Noticed a boulder beetle
 11342 | D:10     | Killed a boulder beetle
 11778 | D:9      | Found a staircase to the Orcish Mines.
 11892 | D:9      | Found Boddaa's Antique Armour Shoppe.
 12050 | D:9      | Bought a +0 pair of boots for 63 gold pieces
 12204 | D:10     | Found Cicwas Viuzi's General Store.
 12208 | D:10     | Bought a scroll of identify for 26 gold pieces
 12459 | D:9      | Noticed Pikel
 12467 | D:9      | Killed Pikel
 12515 | Orc:1    | Entered Level 1 of the Orcish Mines
 12515 | Orc:1    | Noticed Erica
 12517 | Orc:1    | Found Juthrelil's Distillery.
 12524 | Orc:1    | Killed Erica
 12532 | Orc:1    | Reached XP level 12. HP: 78/81 MP: 18/23
 12540 | Orc:1    | Bought a potion of degeneration for 18 gold pieces
 12908 | Orc:2    | Entered Level 2 of the Orcish Mines
 12937 | Orc:2    | Offered knowledge of Hailstorm by Vehumet.
 13152 | Orc:2    | Noticed Saint Roka
 13278 | Orc:2    | Reached *** piety under Vehumet
 13364 | D:6      | Bought a ring of flight for 245 gold pieces
 13429 | D:5      | Reached skill level 1 in Armour
 14372 | Orc:2    | Noticed an orc high priest
 14880 | D:10     | Offered knowledge of Volatile Blastmotes by Vehumet.
 15530 | D:10     | Found a sparkling altar of Nemelex Xobeh.
 15988 | D:11     | Reached **** piety under Vehumet
 16047 | D:11     | Noticed a boulder beetle
 16068 | D:11     | Killed a boulder beetle
 16186 | D:11     | Offered knowledge of Freezing Cloud by Vehumet.
 16199 | D:11     | Learned a level 5 spell: Freezing Cloud
 16297 | D:11     | Reached skill level 1 in Ice Magic
 16407 | D:11     | Noticed a boulder beetle
 16438 | D:11     | Killed a boulder beetle
 17019 | D:11     | Found a staircase to the Lair.
 17110 | Lair:1   | Entered Level 1 of the Lair of Beasts
 17242 | Lair:1   | Reached XP level 13. HP: 82/89 MP: 24/24
 17255 | Lair:1   | Found a transporter.
 17274 | Lair:1   | Noticed Pebb's ghost (novice DrCj)
 17307 | Lair:1   | Reached skill level 5 in Armour
 17413 | Lair:2   | Reached skill level 5 in Ice Magic
 17615 | Lair:1   | Found a transporter.
 18354 | D:7      | Bought Qiaci's Incunable of Shocking Space for 484 gold
                  | pieces
 18359 | D:7      | Learned a level 4 spell: Passage of Golubria
 18439 | D:8      | Killed Joseph
 18637 | Lair:2   | Reached skill level 1 in Translocations
 18644 | Lair:2   | You fall into a shaft and drop 1 floor!
 19157 | Lair:2   | Found a transporter.
 19237 | Lair:2   | Found a transporter.
 19659 | Lair:2   | Noticed zazu2006's ghost (journeyman NaHW)
 19995 | Lair:3   | Identified the +7 rapier of Disharmony {freeze, rC+ Int+4}
 20012 | Lair:3   | Reached skill level 5 in Translocations
 20413 | Lair:3   | Found a staircase to the Swamp.
 20531 | Lair:3   | Reached ***** piety under Vehumet
 20622 | Lair:3   | Offered knowledge of Iskenderun's Battlesphere by Vehumet.
 20773 | Lair:3   | Found a staircase to the Snake Pit.
 21108 | Lair:4   | Noticed a seven-headed hydra
 21181 | Lair:4   | Reached XP level 14. HP: 91/96 MP: 7/25
 22124 | Lair:4   | Found a viscous altar of Jiyva.
 22129 | Lair:4   | Found a staircase to the Slime Pits.
 22555 | Lair:5   | Entered Level 5 of the Lair of Beasts
 22582 | Lair:5   | Reached skill level 10 in Translocations
 23149 | Lair:5   | Reached skill level 5 in Fighting
 23578 | Lair:5   | Found a large runed translucent door.
 23580 | Lair:5   | Found a large runed translucent door.
 24043 | Lair:5   | Offered knowledge of Olgreb's Toxic Radiance by Vehumet.
 24049 | Lair:5   | Learned a level 4 spell: Olgreb's Toxic Radiance
 24581 | Lair:5   | Reached skill level 5 in Long Blades
 25013 | Lair:5   | Reached XP level 15. HP: 105/105 MP: 13/27
 26075 | Orc:2    | Killed Saint Roka
 26242 | D:8      | Bought a faintly glowing shortbow for 272 gold pieces
 26242 | D:8      | Identified the +12 shortbow "Afrock" {antimagic, rPois
                  | rF++} (You bought it in a shop on level 8 of the Dungeon)
 26458 | Orc:2    | Found a staircase to the Elven Halls.
 27357 | Orc:2    | Found Uholudyu's Antique Armour Shop.
 27357 | Orc:2    | Found Xamam's Weapon Shop.
 27358 | Orc:2    | Found Zoigagod's Antique Weapon Shoppe.
 27363 | Orc:2    | Found Seurph's Antique Weapon Shoppe.
 27464 | Elf:1    | Entered Level 1 of the Elven Halls
 28554 | D:12     | Found Gywk's Book Boutique.
 29412 | D:15     | Entered Level 15 of the Dungeon
 30329 | D:13     | Reached XP level 16. HP: 113/113 MP: 14/29
 31228 | D:13     | Found a gate to the Vaults.
 31254 | D:13     | Identified the +1 robe of Darkness {Rampage *Slow rPois
                  | Will-}
 32673 | D:14     | Noticed Frances
 33236 | D:14     | Killed Frances
 33824 | D:1      | Bought a book of Alchemy for 308 gold pieces
 33827 | D:1      | Learned a level 2 spell: Sublimation of Blood
 34148 | Lair:2   | Reached skill level 1 in Necromancy
 34161 | Lair:2   | Killed zazu2006's ghost
 34377 | Lair:1   | You are sucked into a shaft and drop 1 floor!
 34510 | Lair:1   | Found a one-way gate to the infinite horrors of the Abyss.
 34559 | Lair:1   | Killed Pebb's ghost
 34559 | Lair:1   | Offered knowledge of Yara's Violent Unravelling by Vehumet.
 35476 | D:15     | Reached skill level 5 in Necromancy
 36281 | D:15     | Reached skill level 10 in Stealth
 36401 | D:15     | Found a staircase to the Depths.
 36407 | Depths:1 | Entered Level 1 of the Depths
 36772 | Swamp:1  | Entered Level 1 of the Swamp
 36785 | Swamp:1  | Reached skill level 10 in Spellcasting
 36968 | Swamp:2  | Noticed a fenstrider witch
 37177 | Swamp:1  | Found a frozen archway.
 37196 | Swamp:1  | Reached XP level 17. HP: 107/121 MP: 5/31
 37301 | IceCv    | Entered an ice cave
 38861 | IceCv    | Learned a level 3 spell: Ozocubu's Armour
 38864 | IceCv    | Identified the amulet "Yfeg" {Spirit Str+6}
 39203 | Swamp:1  | Noticed Mlioglotl
 39264 | Snake:1  | Entered Level 1 of the Snake Pit
 39308 | Snake:1  | Noticed Aizul
 39324 | Snake:1  | Killed Aizul
 39330 | Snake:1  | Offered knowledge of Orb of Destruction by Vehumet.
 39415 | Lair:3   | Learned a level 7 spell: Orb of Destruction
 39624 | Snake:2  | Identified the +3 spear "Volugix" {vamp, *Slow rElec Int+3}
 39828 | Snake:3  | Reached skill level 10 in Conjurations
 40253 | Snake:4  | Entered Level 4 of the Snake Pit
 40759 | Snake:1  | Reached XP level 18. HP: 118/132 MP: 29/32
 41359 | Snake:2  | Reached skill level 10 in Armour
 42120 | Snake:3  | Found Zydyfol's Assorted Antiques.
 42121 | Snake:3  | Noticed Vashnia
 43897 | Snake:1  | Offered knowledge of Arcjolt by Vehumet.
 44304 | Snake:3  | Found Zagrayf's Antique Weapon Shoppe.
 44305 | Snake:3  | Found Egaurac's Magic Scroll Emporium.
 44308 | Snake:3  | Bought a scroll labelled PUDEMO IPSAREC for 29 gold pieces
 44315 | Snake:3  | Bought a scroll of noise for 17 gold pieces
 44810 | Snake:3  | Reached skill level 10 in Fighting
 44816 | Snake:3  | Killed Vashnia
 46891 | Snake:4  | Reached XP level 19. HP: 140/140 MP: 15/34
 47298 | Snake:4  | HP: 5/204 [guardian serpent (16)]
 47298 | Snake:4  | Killed from afar by a guardian serpent

Illustrated notes

Levels and vault maps discovered:
D:1:      lemuel_arrival_lava_pool, layout_basic, serial_shops, shop,
          minmay_misc_feat_pillars, hangedman_decor_opposing,
          minmay_misc_feat_rows, skrybe_limestone_x
D:2:      layout_basic
D:3:      layout_rooms
D:4:      layout_loops_ring, grunt_dithmenos_smoke_and_mirrors,
          nicolae_qazlal_eye_of_the_storm, tso_oasis_becter, uniq_natasha
D:5:      layout_loops_ring, grunt_temple_overflow_gold_and_silver,
          nicolae_kikubaaqudgha_miasma_corner, gup_sewer_entry_spiral
D:6:      layout_cave_pools, pdpol_wu_jian_five_deadly_venoms, serial_shops,
          shop, chequers_serial_rivers_marsh, minmay_misc_feat_rugged
D:7:      layout_rooms, nicolae_ru_path_of_blood,
          chequers_temple_overflow_statue_of_worship, vehumet_crystals,
          minmay_temple_entry_offerings, serial_shops, kennysheep_little_box
D:8:      layout_loops_cross, okawaru_humans, serial_shops, shop,
          nicolae_shop_advertising_works [nicolae_subvault_shop_adworks],
          nicolae_take_the_stairs, uniq_prince_ribbit1, uniq_joseph
D:9:      layout_gridville, hiddenorc1_lemuel, enter_bailey_2, serial_shops,
          nicolae_lakefront_shop, nicolae_lakefront_shop,
          nicolae_inconvenience_store,
          nicolae_shop_temple_entry_statues_fountains, minmay_lindwurm_lava,
          uniq_pikel, uniq_maurice
D:10:     layout_irregular_city, lemuel_coloured_pillars_altar, serial_shops,
          shop
D:11:     layout_layer_cave, lair_entry_dummy
D:12:     layout_irregular_city, serial_shops, nicolae_shop_behind_doors
D:13:     layout_rooms, grunt_vaults_entry_fortified
D:14:     layout_layer_cave, hangedman_abyss_or_decor_jellyfish_corner,
          uniq_frances
D:15:     grunt_enter_depths_magical_seal, layout_basic,
          corexii_leaking_fountain
Temple:   nicolae_temple_two_arcs
Lair:1:   layout_chaotic_city, gammafunk_ghost_abyssal_escape
Lair:2:   layout_chaotic_city, gammafunk_ghost_hive, st_stairs_3,
          grunt_megastairs_3
Lair:3:   layout_gridlike, swamp_mist_pool, guppyfry_snake_entry_garden,
          cheibrodos_lair_reptile_den
Lair:4:   layout_regular_city, nicolae_slime_entry_field_trip,
          grunt_megastairs_1, lemuel_fruit_fields, lemuel_fruit_tree
Lair:5:   cheibrodos_lair_end_hotspot, layout_layer_cave, special_room
          [special_room_mythical_zoo], serial_bayou_shore_a
Swamp:1:  layout_falls_marsh, portal_ice_cave_entry_frozen_things,
          evilmike_swamp_ruin_rubble_2, uniq_mlioglotl
Swamp:2:  layout_basic_swamp, evilmike_swamp_ruin_house_6,
          infiniplex_staircase_pool_2
Swamp:3:  layout_basic_swamp, ebering_ghost_reflecting_pool,
          evilmike_swamp_ruin_house_5, nicolae_swamp_thats_no_hydra, uniq_donald
Snake:1:  layout_misc_corridors, uniq_aizul
Snake:2:  cheibrodos_snake_ritualist_ritual, layout_misc_corridors
Snake:3:  kennysheep_snake, layout_onion, minmay_shop_star, uniq_vashnia
Snake:4:  grunt_snake_rune_serpentine_throne, layout_onion
Orc:1:    layout_caves, serial_shops, shop, uniq_erica
Orc:2:    st_orc_elflike, layout_caves, gauntlet_entry_generic, uniq_saint_roka
Elf:1:    nicolae_elf_arrival_no_cutting_in_line, layout_onion_city,
          minmay_elf_annihilation
Depths:1: layout_basic, corexii_corridor_pit, hangedman_geh_valley,
          serial_sigils_hangedman_snap, lemuel_flame_loot_1, minmay_shoptagon,
          uniq_mara

Skill      XL: |  1  2  3  4  5  6  7  8  9 10 11 12 13 14 15 16 17 18 19 |
---------------+----------------------------------------------------------+-----
Spellcasting   | 1 2 3 4 5 6 7 8 9 10 11 12 | 12.0
Evocations     | 1 2 3 |  3.0
Ranged Weapons | 1 2 3 4 |  4.1
Poison Magic   | 3 4 6 7 8 |  8.0
Conjurations   | 3 4 6 7 8 9 10 12 | 12.4
Air Magic      | 3 4 6 7 |  7.0
Shields        | 2 4 5 6 7 8 9 |  9.5
Fire Magic     | 3 5 6 7 8 |  8.4
Long Blades    | 3 4 5 6 |  6.7
Stealth        | 7 8 9 10 | 10.8
Armour         | 4 6 7 8 9 11 | 11.9
Fighting       | 4 5 6 7 9 10 | 10.0
Ice Magic      | 4 6 7 8 |  8.0
Translocations | 7 10 11 | 11.7
Necromancy     | 6 7 |  7.3
Dodging        | 2 3 |  3.6
Maces & Flails | |  2.0

Action                     |  1- 3 |  4- 6 |  7- 9 | 10-12 | 13-15 | 16-18 | 19-21 || total
---------------------------+-------+-------+-------+-------+-------+-------+-------++-------
  Melee: Mace              |    29 |       |       |       |       |       |       ||    29
         Dagger            |    10 |   113 |   190 |   126 |     1 |       |       ||   440
         Punch             |     1 |       |     4 |     2 |       |       |       ||     7
         Short sword       |       |       |   132 |    38 |       |       |       ||   170
         Halberd           |       |       |     7 |       |       |       |       ||     7
         Scimitar          |       |       |       |   201 |   317 |   259 |    12 ||   789
         Rapier            |       |       |       |       |     2 |     4 |       ||     6
         Morningstar       |       |       |       |       |       |     3 |     8 ||    11
         Great sword       |       |       |       |       |       |    26 |       ||    26
   Fire: Sling             |    32 |   112 |    55 |       |       |       |       ||   199
         Shortbow          |       |       |    15 |   236 |   256 |   259 |       ||   766
         Arbalest          |       |       |       |       |       |    63 |    25 ||    88
   Cast: Mephitic Cloud    |       |       |     3 |   118 |    44 |     2 |       ||   167
         Magic Dart        |       |       |     5 |     7 |       |       |       ||    12
         Fireball          |       |       |       |     6 |    19 |    50 |       ||    75
         Freezing Cloud    |       |       |       |       |   181 |   251 |    21 ||   453
         Passage of Golubr |       |       |       |       |    10 |    31 |       ||    41
         Olgreb's Toxic Ra |       |       |       |       |    26 |   106 |       ||   132
         Sublimation of Bl |       |       |       |       |       |    49 |     3 ||    52
         Ozocubu's Armour  |       |       |       |       |       |     2 |       ||     2
         Orb of Destructio |       |       |       |       |       |     6 |       ||     6
Ability: Dig               |       |       |     3 |     5 |     1 |    10 |     5 ||    24
         Shaft Self        |       |       |       |       |     1 |     1 |       ||     2
  Evoke: Wand              |       |       |     2 |     6 |    18 |    11 |       ||    37
         Condenser vane    |       |       |       |       |       |     1 |       ||     1
         Box of beasts     |       |       |       |       |       |       |     1 ||     1
         Phial of floods   |       |       |       |       |       |       |     1 ||     1
    Use: Scroll            |       |     4 |     5 |    11 |     4 |     5 |       ||    29
         Potion            |       |     1 |     1 |     3 |       |     8 |    14 ||    27
   Stab: Sleeping          |     3 |     5 |     7 |     3 |     3 |     1 |       ||    22
         Confused          |       |       |       |    39 |    23 |     2 |       ||    64
         Invisible         |       |       |       |     2 |       |     1 |       ||     3
         Paralysed         |       |       |       |     1 |       |       |       ||     1
         Distracted        |       |       |       |       |     4 |     5 |       ||     9
 Armour: Leather armour    |    13 |    42 |    38 |       |       |       |       ||    93
         Scale mail        |       |       |    69 |   132 |   109 |   167 |    22 ||   499
         Skin              |       |       |       |       |       |       |    37 ||    37
  Dodge: Dodged            |    38 |   109 |   181 |   183 |   165 |   222 |    38 ||   936
  Block: Buckler           |       |       |       |    91 |   145 |   276 |    63 ||   575
         Reflection        |       |       |       |     2 |     4 |    61 |     8 ||    75

Table legend: (Time is in decaauts)
 A = Elapsed time spent in this place.
 B = Non-inter-level travel time spent in this place.
 C = Inter-level travel time spent in this place.
 D = Time resting spent in this place.
 E = Time spent auto-exploring this place.
 F = Levels seen in this place.
 G = Mean time per level.
                   A        B        C        D        E       F      G
               +--------+--------+--------+--------+--------+-----+--------+
         Total |  47852 |  43678 |   4174 |  15914 |  10792 |  34 | 1407.4 |
       Dungeon |  23694 |  20961 |   2733 |   6712 |   6298 |  15 | 1579.6 |
        Temple |    118 |    111 |      7 |      0 |     99 |   1 |  118.0 |
          Lair |   9716 |   8807 |    909 |   2817 |   2947 |   5 | 1943.2 |
         Swamp |    647 |    634 |     13 |    161 |      0 |   3 |  215.7 |
     Snake Pit |   7834 |   7595 |    239 |   3750 |    913 |   4 | 1958.5 |
  Orcish Mines |   2949 |   2707 |    242 |   1218 |    345 |   2 | 1474.5 |
   Elven Halls |    195 |    165 |     30 |     67 |      0 |   1 |  195.0 |
        Depths |     21 |     21 |      0 |      0 |      0 |   1 |   21.0 |
        Bailey |    979 |    979 |      0 |    406 |    189 |   1 |  979.0 |
      Ice Cave |   1695 |   1695 |      0 |    782 |      0 |   1 | 1695.0 |
               +--------+--------+--------+--------+--------+-----+--------+

Top non-repeatable levels by time:
 Snake:2: 2938 daAuts
  Lair:5: 2808 daAuts
    D:14: 2565 daAuts
     D:9: 2231 daAuts
    D:15: 2145 daAuts
 Snake:3: 2131 daAuts
  Lair:3: 2029 daAuts
    D:11: 1965 daAuts
     D:6: 1901 daAuts
     D:5: 1765 daAuts
  Lair:4: 1700 daAuts
   IceCv: 1695 daAuts
  Lair:1: 1642 daAuts
     D:7: 1586 daAuts
  Lair:2: 1536 daAuts
